Map: Heavy Artillery LE

Players

qqq - Winner!

  • Race: Protoss Protoss
  • Spawn Location: 7:00

Massa - Winner!

  • Race: Terran Terran
  • League: Platinum
  • Spawn Location: 7:00

Marteen

  • Race: Terran Terran
  • Spawn Location: 1:00

Tormasan

  • Race: Protoss Protoss
  • Spawn Location: 3:00

VOD

Have the link to the VOD?

Description

Time

  • Played on: Oct. 4, 2020, 10:58 a.m.
  • Length: 11:36
Show
View Real Time Build Order
Export as new Build Order

qqq Protoss - Winner!

Build Orders: 1 Gate Expand, Carriers 

Get SALT Encoding   

  12  0:02  Probe  
  13  0:14  Probe  
  13  0:17  Pylon  
  14  0:30  Pylon  
  14  0:31  Probe  
  15  0:42  Gateway  
  15  0:46  Probe  
  16  0:59  Probe  
  17  1:11  Probe  
  18  1:23  Probe  
  19  1:31  Nexus  
  19  1:37  Cybernetics Core  
  19  1:44  Probe, Assimilator  
  20  1:50  Assimilator  
  20  1:56  Probe  
  22  2:08  Probe (Chrono Boost)  
  22  2:20  Probe (Chrono Boost)  
  23  2:25  Probe (Chrono Boost), Stalker  
  26  2:34  Probe  
  27  2:48  Probe (Chrono Boost)  
  29  2:51  Probe (Chrono Boost)  
  29  2:58  Probe (Chrono Boost)  
  30  2:59  Assimilator  
  30  3:01  Probe (Chrono Boost)  
  30  3:02  Probe (Chrono Boost)  
  30  3:03  Stargate  
  32  3:11  Probe  
  33  3:14  Probe  
  34  3:23  Probe  
  34  3:26  Probe  
  36  3:31  Assimilator  
  36  3:34  Stargate  
  36  3:35  Probe  
  36  3:38  Probe  
  36  3:39  Pylon  
  38  3:47  Probe  
  39  3:50  Probe  
  40  3:59  Probe  
  41  4:03  Probe  
  42  4:11  Probe  
  42  4:15  Probe  
  44  4:17  Phoenix (Chrono Boost)  
  44  4:18  Phoenix (Chrono Boost)  
  44  4:23  Probe  
  49  4:27  Probe  
  50  4:39  Phoenix x2 (Chrono Boost)  
  54  4:49  Fleet Beacon  
  54  4:51  Forge  
  54  4:54  Pylon  
  54  4:58  Pylon  
  54  5:03  Pylon  
  54  5:12  Probe, Phoenix x2  
  59  5:16  Stargate  
  59  5:36  Nexus  
  59  5:37  Phoenix  
  59  5:39  Pylon  
  59  5:42  Pylon  
  61  5:45  Pylon, Robotics Facility  
  61  5:48  Pylon  
  61  5:49  Pylon, Protoss Air Weapons Level 1 (Chrono Boost)  
  61  6:01  Carrier  
  66  6:43  Carrier, Phoenix  
  74  6:48  Probe (Chrono Boost)  
  74  6:52  Photon Cannon  
  75  6:55  Photon Cannon  
  75  6:57  Photon Cannon  
  75  6:58  Shield Battery  
  75  7:00  Probe (Chrono Boost)  
  76  7:01  Shield Battery  
  76  7:03  Photon Cannon  
  76  7:05  Tempest, Pylon  
  76  7:08  Probe (Chrono Boost)  
  82  7:09  Photon Cannon  
  82  7:12  Carrier  
  82  7:14  Probe (Chrono Boost)  
  89  7:26  Probe (Chrono Boost)  
  90  7:35  Probe (Chrono Boost)  
  91  7:40  Probe  
  92  7:48  Protoss Air Armor Level 1  
  92  7:53  Probe  
  93  8:02  Carrier  
  93  8:05  Probe  
  100  8:17  Probe  
  101  8:22  Carrier  
  107  8:28  Nexus  
  107  8:29  Probe  
  107  8:30  Pylon  
  107  8:31  Pylon  
  108  8:35  Carrier, Pylon  
  115  8:41  Probe  
  115  8:53  Probe  
  114  9:05  Probe, Tempest  
  72  9:41  Probe  
  63  9:53  Probe  
  63  10:05  Probe  
  64  10:10  Probe  
  64  10:11  Probe  
  64  10:12  Probe  
  67  10:17  Probe  
  67  10:18  Carrier  
  74  10:24  Probe x3 (Chrono Boost)  
  77  10:34  Probe (Chrono Boost)  
  81  10:36  Probe x2 (Chrono Boost), Assimilator  
  81  10:40  Probe (Chrono Boost), Assimilator  
  81  10:42  Probe x2 (Chrono Boost), Photon Cannon  
  82  10:43  Probe (Chrono Boost)  
  82  10:45  Photon Cannon  
  82  10:47  Probe  
  82  10:48  Photon Cannon  
  85  10:50  Probe  
  85  10:51  Probe  
  85  10:53  Probe  
  88  10:59  Probe  
  88  11:02  Probe  
  88  11:03  Probe  
  85  11:05  Probe  
  85  11:11  Probe  
  75  11:14  Probe  
  75  11:15  Probe  
  75  11:17  Probe  
  78  11:23  Probe  
Show
View Real Time Build Order
Export as new Build Order

Massa Terran - Winner!

Build Orders: Reaper Expand 

Get SALT Encoding   

  12  0:00  SCV  
  13  0:12  SCV  
  14  0:24  SCV  
  14  0:25  Supply Depot  
  15  0:43  Refinery  
  15  0:47  SCV  
  15  0:49  Barracks  
  16  0:59  SCV  
  17  1:14  SCV  
  18  1:26  SCV  
  19  1:36  Reaper  
  19  1:39  Command Center  
  20  1:42  Orbital Command  
  20  2:07  Supply Depot  
  20  2:08  Marine  
  20  2:13  SCV  
  22  2:18  Factory  
  22  2:25  SCV  
  23  2:32  Supply Depot  
  23  2:34  Barracks Reactor  
  23  2:53  SCV  
  23  2:55  Orbital Command  
  24  3:04  Refinery  
  24  3:05  Command Center  
  28  3:20  Hellion x2  
  28  3:23  Barracks Tech Lab  
  28  3:24  SCV x2  
  30  3:36  SCV, Engineering Bay  
  33  4:26  Marine, Missile Turret  
  33  4:28  Widow Mine x2  
  35  4:33  Orbital Command, Missile Turret x2  
  35  4:36  SCV x2  
  37  4:43  Marine  
  37  4:45  Missile Turret x2  
  38  4:48  SCV x2, Missile Turret  
  40  4:53  Missile Turret  
  40  4:57  Widow Mine x2  
  44  5:04  Starport  
  44  5:07  Barracks  
  44  5:08  SCV  
  44  5:09  SCV x2  
  44  5:13  Marauder  
  49  5:15  Stimpack  
  49  5:18  Refinery  
  49  5:19  Widow Mine x2  
  49  5:20  SCV  
  49  5:21  SCV x2  
  56  5:35  Marauder  
  58  5:39  SCV x3  
  58  5:40  Widow Mine x2  
  65  5:48  Refinery, Terran Infantry Weapons Level 1  
  65  5:51  SCV x2  
  65  5:52  Armory  
  67  6:09  Barracks, Medivac  
  67  6:10  Orbital Command  
  69  6:14  Factory Tech Lab  
  69  6:27  Supply Depot  
  69  6:28  Supply Depot  
  69  6:30  Supply Depot  
  69  6:34  Engineering Bay  
  69  6:38  Barracks Tech Lab  
  69  6:41  Barracks Reactor  
  69  6:48  SCV x3, Medivac  
  69  6:52  Supply Depot  
  69  6:53  Supply Depot  
  74  7:00  Combat Shield  
  74  7:01  SCV x3  
  77  7:05  Thor  
  83  7:13  SCV x3  
  83  7:15  Command Center  
  86  7:17  Terran Infantry Armor Level 1  
  86  7:18  Medivac, Supply Depot  
  88  7:25  SCV x3  
  88  7:26  Missile Turret  
  88  7:27  Missile Turret  
  91  7:33  Missile Turret  
  91  7:37  SCV, Sensor Tower  
  92  7:48  Thor  
  98  7:52  Marauder, Marine x3  
  98  7:53  Marine  
  98  7:55  Sensor Tower  
  104  8:09  Drilling Claws  
  104  8:10  Marine x4  
  108  8:14  Marauder  
  110  8:21  Barracks  
  110  8:23  Barracks  
  110  8:27  Barracks  
  110  8:28  Marine x4  
  110  8:30  Thor  
  120  8:35  Marauder  
  122  8:41  Missile Turret  
  122  8:45  Marine  
  123  8:48  Sensor Tower  
  119  9:05  Marine x5  
  124  9:22  Marine  
  124  9:23  Marine x4  
  125  9:40  Marine  
  126  9:46  Missile Turret  
  126  9:49  Missile Turret  
  126  9:58  Thor  
  132  10:08  Supply Depot  
  132  10:09  Missile Turret, Supply Depot x2  
  132  10:10  Supply Depot x2  
  132  10:11  Missile Turret  
  132  10:25  Barracks Reactor, Barracks Tech Lab  
  132  10:26  Barracks Tech Lab  
  132  10:30  SCV x4  
  132  10:31  Marine  
  132  10:32  Marauder, Marine x3  
  132  10:34  Supply Depot x3  
  142  10:41  Thor  
  142  10:42  SCV x2  
  150  10:43  Orbital Command  
  150  10:44  Factory  
  150  10:49  Marine  
  151  10:50  Marine x3  
  151  10:53  Marauder  
  150  11:07  Marine x3  
  150  11:08  Marine  
  154  11:14  Marine  
Show
View Real Time Build Order
Export as new Build Order

Marteen Terran 

Build Orders:  

Get SALT Encoding   

  12  0:03  SCV  
  13  0:18  SCV  
  14  0:22  Supply Depot  
  14  0:30  SCV  
  15  0:44  SCV  
  15  0:45  Barracks  
  16  0:56  Supply Depot  
  16  0:58  SCV  
  17  1:11  SCV  
  18  1:37  Marine, Command Center  
  19  1:41  Refinery  
  19  1:43  Refinery  
  19  1:56  Supply Depot  
  19  1:58  Marine  
  19  2:01  Orbital Command  
  20  2:17  Barracks Reactor  
  20  2:22  Engineering Bay  
  20  2:26  SCV  
  20  2:52  Orbital Command  
  20  2:54  Marine x2  
  22  2:58  SCV  
  23  3:15  Marine  
  23  3:16  Marine  
  23  3:17  Factory  
  25  3:23  SCV x2  
  27  3:33  Marine  
  27  3:34  Marine  
  28  3:36  SCV  
  28  3:37  SCV  
  31  3:51  Marine  
  31  3:52  Marine  
  30  4:08  Bunker  
  30  4:09  Marine x2  
  31  4:18  SCV x2  
  33  4:27  Marine  
  33  4:29  Marine  
  33  4:30  SCV  
  35  4:41  SCV  
  35  4:42  SCV  
  35  4:43  Factory Tech Lab  
  35  4:44  Marine  
  38  4:53  SCV, Marine  
  38  4:56  Command Center  
  38  4:58  SCV  
  41  5:02  Marine  
  42  5:07  Factory  
  42  5:11  Marine, Siege Tank  
  42  5:14  SCV x2  
  48  5:36  Sensor Tower  
  48  5:38  SCV x2  
  48  5:40  Marine x2  
  52  5:46  Sensor Tower  
  52  5:50  SCV  
  52  5:54  Factory Tech Lab  
  52  5:55  Supply Depot  
  53  5:58  Supply Depot  
  53  6:00  Supply Depot  
  53  6:05  Terran Infantry Weapons Level 1  
  53  6:06  Marine  
  53  6:07  SCV, Marine, Siege Tank  
  53  6:08  Orbital Command  
  57  6:20  Missile Turret  
  56  6:27  Missile Turret  
  56  6:29  Missile Turret  
  50  6:39  Cyclone  
  52  6:49  Refinery, Missile Turret  
  52  6:52  Refinery  
  52  6:57  Marine x2  
  52  6:58  Cyclone  
  57  7:06  Missile Turret  
  57  7:17  SCV x3  
  57  7:20  Marine  
  57  7:21  Marine  
  62  7:34  Refinery  
  62  7:41  Cyclone  
  62  7:43  Armory  
  65  7:45  Mag-Field Accelerator  
  65  7:46  Cyclone  
  68  8:06  SCV  
  68  8:07  SCV x2  
  71  8:19  SCV x3  
  74  8:31  SCV x2  
  58  9:25  Thor x2  
  69  9:39  SCV x3  
  69  9:44  Factory  
  72  9:46  Smart Servos, Factory  
  72  9:48  Factory  
  72  9:50  Armory  
  72  9:51  SCV  
  62  10:09  SCV x2  
  62  10:10  SCV  
  62  10:11  Thor x2  
  69  10:23  SCV x2  
  69  10:25  Refinery, SCV, Sensor Tower  
  72  10:37  Factory Tech Lab x3  
Show
View Real Time Build Order
Export as new Build Order

Tormasan Protoss 

Build Orders:  

Get SALT Encoding   

  12  0:06  Probe  
  13  0:18  Pylon  
  13  0:20  Probe  
  14  0:32  Probe (Chrono Boost)  
  15  0:39  Gateway  
  15  0:44  Probe (Chrono Boost)  
  16  0:52  Probe (Chrono Boost)  
  17  0:58  Probe  
  18  1:10  Probe  
  19  1:13  Assimilator  
  19  1:22  Probe  
  20  1:34  Probe  
  20  1:35  Assimilator  
  21  1:47  Probe  
  22  1:52  Cybernetics Core  
  22  1:59  Probe  
  23  2:07  Pylon  
  23  2:25  Probe  
  24  2:43  Forge  
  24  2:47  Stargate  
  24  3:01  Nexus  
  24  3:04  Assimilator  
  24  3:09  Assimilator  
  24  3:24  Stargate  
  24  3:27  Void Ray  
  24  3:30  Pylon  
  28  3:36  Probe  
  29  3:48  Probe  
  30  4:01  Probe  
  30  4:02  Void Ray  
  35  4:13  Probe  
  36  4:31  Void Ray  
  40  4:44  Void Ray  
  44  5:04  Probe x2 (Chrono Boost)  
  47  5:16  Probe x2 (Chrono Boost)  
  47  5:21  Probe x2 (Chrono Boost)  
  48  5:22  Void Ray  
  54  5:34  Pylon  
  54  5:37  Pylon  
  54  5:46  Void Ray  
  54  5:47  Pylon  
  54  5:50  Pylon  
  54  5:52  Probe x2  
  54  5:54  Pylon  
  60  5:59  Void Ray  
  61  6:04  Probe x2  
  66  6:16  Probe x2  
  68  6:19  Nexus  
  68  6:22  Pylon  
  68  6:23  Pylon, Void Ray  
  68  6:28  Probe  
  68  6:29  Fleet Beacon  
  73  6:37  Void Ray  
  77  7:00  Void Ray  
  77  7:04  Probe  
  77  7:05  Probe  
  83  7:14  Void Ray  
  83  7:16  Probe  
  83  7:17  Probe, Protoss Air Weapons Level 1 (Chrono Boost)  
  83  7:21  Cybernetics Core  
  89  7:28  Probe  
  90  7:32  Probe  
  92  7:37  Void Ray  
  95  7:48  Stargate  
  95  7:50  Flux Vanes  
  95  8:03  Protoss Air Armor Level 1  
  95  8:31  Void Ray x2  
  95  8:32  Void Ray  
  107  9:08  Void Ray x2  
  115  9:30  Void Ray  
  119  9:45  Void Ray  
  119  9:46  Void Ray  
  115  10:07  Void Ray  
  119  10:22  Void Ray  
  123  10:37  Nexus  
  123  10:39  Assimilator  
  123  10:41  Assimilator  
  123  10:44  Pylon  
  123  10:48  Pylon  
  123  10:49  Pylon  
  123  10:53  Pylon  
  123  10:56  Pylon  
Tags
 
Add a new tag
Caveats
  • Supply blocks, unpowered buildings, or Contaminate may cause inaccurate times.
  • Supply counts are checked every 10 seconds.